 Dungeon Crawl Stone Soup version 0.21.1-1-g345015f (webtiles) character file.

10448 Monsterracer the Destroyer (level 11, -10/72 HPs)
             Began as an Octopode Wizard on Feb 13, 2018.
             Was an Initiate of Gozag.
             Mangled by a cyan ugly thing (17 damage)
             ... on level 11 of the Dungeon.
             The game lasted 00:31:07 (15692 turns).

Monsterracer the Destroyer (Octopode Wizard)       Turns: 15692, Time: 00:31:08

Health: -10/72     AC:  3    Str:  6    XL:     11   Next: 62%
Magic:  10/32      EV: 18    Int: 23    God:    Gozag
Gold:   1049       SH:  0    Dex: 19    Spells: 3/27 levels left

rFire    + + .     SeeInvis .   a - +3 dagger (elec)
rCold    + + .     Gourm    .   (no shield)
rNeg     . . .     Faith    .   g - +2 hat
rPois    +         Spirit   .   n - amulet of inaccuracy (curse)
rElec    .         Reflect  .   h - +2 ring of slaying
rCorr    .         Harm     .   v - ring of flight (curse)
MR       .....                  s - ring of protection from fire {!d}
Stlth    +++++++...             q - ring "Fybbekeu" {rF+ rC+ MP+9 Stlth+}
HPRegen  0.22/turn              D - ring "Heasosea" {Wiz rC+}
MPRegen  0.23/turn              E - ring "Qour" {rPois Dex+7 Stlth+}
                                (no ring)
                                (no ring)

@: gold aura
A: almost no armour, stealthy swim, amphibious, 8 rings, constrict 8, camouflage
1, gelatinous body 1
a: Potion Petition, Call Merchant, Bribe Branch, Renounce Religion, Evoke Flight


You were on level 11 of the Dungeon.
You worshipped Gozag.
Gozag was most pleased with you.
You were not hungry.

You visited 2 branches of the dungeon, and saw 12 of its levels.
You also visited: Bailey.

You collected 1448 gold pieces.
You spent 200 gold pieces at shops.
You paid 199 gold pieces to Gozag.

Inventory:

Hand Weapons
 a - a +3 dagger of electrocution (weapon)
 b - a +0 spear of venom
Armour
 g - a +2 hat (worn)
Jewellery
 h - a +2 ring of slaying (left tentacle)
 n - a cursed amulet of inaccuracy (around mantle)
 q - the ring "Fybbekeu" (on tentacle) {rF+ rC+ MP+9 Stlth+}
   (You bought it in a shop on level 4 of the Dungeon)

   [ring of magical power]

   It protects you from fire.
   It protects you from cold.
   It affects your magic capacity (+9).
   It makes you more stealthy.
 s - a ring of protection from fire (on tentacle) {!d}
 v - a cursed ring of flight (right tentacle)
 D - the ring "Heasosea" (on tentacle) {Wiz rC+}
   (You acquired it in a bailey)

   [ring of wizardry]

   It improves your spell success rate.
   It protects you from cold.
 E - the ring "Qour" (on tentacle) {rPois Dex+7 Stlth+}
   (You acquired it on level 11 of the Dungeon)

   [ring of stealth]

   It affects your dexterity (+7).
   It protects you from poison.
   It makes you more stealthy.
Wands
 u - a wand of acid (7)
 w - a wand of flame (28)
 x - a wand of polymorph (12)
Scrolls
 j - 5 scrolls of teleportation
 k - 8 scrolls of enchant armour
 y - 2 scrolls of enchant weapon
 z - a scroll of amnesia
 B - 4 scrolls of blinking
 C - a scroll of fog
 F - 3 scrolls of identify
 G - a scroll of magic mapping {!r}
Potions
 d - 2 potions of flight
 e - 2 potions of lignification
 f - a potion of brilliance
 i - 3 potions of heal wounds
 l - 2 potions of haste
 m - 5 potions of agility
 o - 5 potions of curing
 p - a potion of resistance
 r - a potion of berserk rage {!q}
 t - 4 potions of magic
 A - 3 potions of might
Comestibles
 c - 10 rations


   Skills:
 - Level 5.3 Fighting
 + Level 7.0 Dodging
 + Level 6.8 Stealth
 * Level 8.6 Spellcasting
 - Level 10.0 Conjurations
 - Level 5.0 Summonings
 - Level 1.0 Translocations
 + Level 4.3 Air Magic
 * Level 3.1 Earth Magic


You had 3 spell levels left.
You knew the following spells:

 Your Spells              Type           Power        Failure   Level  Hunger
a - Magic Dart            Conj           ####         1%          1    None
b - Conjure Flame         Conj/Fire      ####....     1%          3    None
c - Mephitic Cloud        Conj/Pois/Air  ####....     1%          3    None
d - Summon Lightning Spi  Summ/Air       ####....     4%          4    ##.....
e - Blink                 Tloc           N/A          2%          2    None
f - Lee's Rapid Deconstr  Erth           ###.......   19%         5    #####..
g - Stone Arrow           Conj/Erth      #####.       1%          3    None
x - Passwall              Tmut/Erth      ###.......   1%          2    None
z - Apportation           Tloc           ##....       1%          1    None


Dungeon Overview and Level Annotations

Branches:
Dungeon (11/15)            Temple (1/1) D:7            Lair (0/6) D:11
    Orc: D:9-12

Altars:
Ashenzari
Cheibriados
Dithmenos
Elyvilon
Fedhas
Gozag
Hepliaklqana
Kikubaaqudgha
Makhleb
Nemelex Xobeh
Okawaru
Qazlal
Ru
Sif Muna
Trog
Uskayaw
Vehumet
Wu Jian
Xom
Yredelemnul
Zin
The Shining One

Shops:
D:4 *   D:8 (   D:9 }

Annotations:
D:5 Monsterracer's ghost, novice DgIE
D:11 pk666's ghost, journeyman DEWz


Innate Abilities, Weirdness & Mutations

You cannot wear most types of armour.
You are very stealthy in the water. (Stealth+)
You are amphibious.
You can wear up to eight rings at the same time.
You can use your tentacles to constrict eight enemies at once.
Your skin changes colour to match your surroundings (Stealth+).
Your rubbery body absorbs attacks. (AC +1, EV +1)


Message History

The red ugly thing gurgles horribly!
The cyan ugly thing gurgles horribly!
The red ugly thing basks in the mutagenic energy from its kin and changes!
Casting: Magic Dart
Confirm with . or Enter, or press ? or * to list all spells.
Aiming: Conjure Flame
Press: ? - help, Dir - move target cursor The fire ignites!
You now have 29/32 mp.
You start resting.
Casting: Conjure Flame
Confirm with . or Enter, or press ? or * to list all spells.
Aiming: Magic Dart
Press: ? - help, Shift-Dir - straight line, f - cyan ugly thing
Aim: a cyan ugly thing (hasn't noticed you)
The magic dart hits the cyan ugly thing.
The cyan ugly thing gurgles horribly!
You now have 29/32 mp.
Casting: Magic Dart
Confirm with . or Enter, or press ? or * to list all spells.
Aiming: Stone Arrow
Press: ? - help, Shift-Dir - straight line, f/p - cyan ugly thing
Aim: a cyan ugly thing The stone arrow hits the cyan ugly thing.
The cyan ugly thing is moderately wounded.
You now have 26/32 mp.
Casting: Stone Arrow
Confirm with . or Enter, or press ? or * to list all spells.
Aiming: Stone Arrow
Press: ? - help, Shift-Dir - straight line, f/p - cyan ugly thing
Aim: a cyan ugly thing (moderately wounded)
The stone arrow misses the cyan ugly thing.
You now have 24/32 mp.
Casting: Stone Arrow
Confirm with . or Enter, or press ? or * to list all spells.
Aiming: Stone Arrow
Press: ? - help, Shift-Dir - straight line, f/p - cyan ugly thing
Aim: a cyan ugly thing (moderately wounded)
The stone arrow misses the cyan ugly thing.
You now have 21/32 mp.
Casting: Stone Arrow
Confirm with . or Enter, or press ? or * to list all spells.
Aiming: Stone Arrow
Press: ? - help, Shift-Dir - straight line, f/p - cyan ugly thing
Aim: a cyan ugly thing (flame, moderately wounded)
The stone arrow misses the cyan ugly thing.
The cyan ugly thing is engulfed in blazing flames.
The cyan ugly thing gores you but does no damage.
You now have 18/32 mp.
You hit the cyan ugly thing. You grab the cyan ugly thing.
The cyan ugly thing is heavily wounded.
You constrict the cyan ugly thing.
The cyan ugly thing is engulfed in blazing flames.
The cyan ugly thing gores you. The cyan ugly thing shocks you!
You take 16 damage, and have 56/72 hp.
MASSIVE DAMAGE!!
You hit the cyan ugly thing. You squeeze the cyan ugly thing!
The cyan ugly thing is severely wounded.
You constrict the cyan ugly thing, but do no damage.
The cyan ugly thing is engulfed in blazing flames.
The cyan ugly thing gores you! The cyan ugly thing shocks you!
* * * LOW HITPOINT WARNING * * *
You take 30 damage, and have 26/72 hp.
MASSIVE DAMAGE!!
You hit the cyan ugly thing.
You kill the cyan ugly thing!
Your Dodging skill increases to level 7!
Your Earth Magic skill increases to level 3!
Casting: Stone Arrow
Confirm with . or Enter, or press ? or * to list all spells.
Aiming: Stone Arrow
Press: ? - help, Shift-Dir - straight line, f - cyan ugly thing
Aim: a cyan ugly thing (flame)
The stone arrow hits the cyan ugly thing.
The cyan ugly thing is moderately wounded.
The cyan ugly thing is engulfed in blazing flames.
The cyan ugly thing closely misses you.
You now have 16/32 mp.
Casting: Stone Arrow
Confirm with . or Enter, or press ? or * to list all spells.
Aiming: Stone Arrow
Press: ? - help, Shift-Dir - straight line, f/p - cyan ugly thing
Aim: a cyan ugly thing (flame, heavily wounded)
The stone arrow misses the cyan ugly thing.
The cyan ugly thing is engulfed in blazing flames.
The cyan ugly thing stings you.
* * * LOW HITPOINT WARNING * * *
The cyan ugly thing shocks you!
* * * LOW HITPOINT WARNING * * *
You take 16 damage, and have 11/72 hp.
MASSIVE DAMAGE!!
You now have 13/32 mp.
Casting: Stone Arrow
Confirm with . or Enter, or press ? or * to list all spells.
Aiming: Stone Arrow
Press: ? - help, Shift-Dir - straight line, f/p - cyan ugly thing
Aim: a cyan ugly thing (flame, severely wounded)
The stone arrow hits the cyan ugly thing.
The cyan ugly thing is severely wounded.
The cyan ugly thing is engulfed in blazing flames.
The cyan ugly thing stings you.
* * * LOW HITPOINT WARNING * * *
The cyan ugly thing shocks you!
You die...
Your body crumbles into a pile of gold.

## ############ #...#
#..........# ####...## #@# #.#
.........####u# #.#
####..........##.# #.#
......#.u..#.##.########.#
##....u...#............##.######
..........##...................#
#........# #####.#####.##.####.#
#.#.....## #.#####/##.# #.#
#.##...## #.##....##.# #.#


You could see a cyan ugly thing.

Vanquished Creatures
  An orc warlord (Bailey)
  A two-headed ogre (D:11)
  An unseen horror (D:10)
  2 ugly things
  A gargoyle (D:10)
  A hornet (D:10)
  4 hippogriffs
  A shadow (D:11)
  A wyvern (D:11)
  A basilisk (D:11)
  A steam dragon (D:11)
  7 yaks
  Eustachio (D:6)
  A soldier ant (D:11)
  4 orc warriors
  A black bear (D:8)
  2 phantoms
  An ice beast (D:7)
  An eye of draining (D:8)
  2 sky beasts
  A hornet zombie (D:8)
  5 ogres
  3 necrophages
  4 centaurs
  6 bullfrogs
  4 scorpions
  9 wights
  3 howler monkeys
  A crimson imp (D:10)
  A quasit (D:9)
  4 hounds
  5 orc priests
  A bullfrog skeleton (D:9)
  3 jellies
  7 orc wizards
  2 iguanas
  4 worker ants
  A hound zombie (D:6)
  3 hound skeletons
  A worker ant zombie (D:11)
  9 adders
  9 gnolls
  A howler monkey skeleton (D:5)
  3 shadow imps
  2 adder skeletons
  4 worms
  2 dart slugs (D:3)
  4 leopard geckos
  42 orcs
  8 bats
  3 giant cockroaches
  9 goblins
  11 hobgoblins
  10 jackals
  3 quokkas
  A frilled lizard (D:3)
  2 jackal skeletons
  21 kobolds
  A leopard gecko zombie (D:6)
  3 rats
251 creatures vanquished.

Vanquished Creatures (others)
  6 fungi (D:9)
6 creatures vanquished.

Grand Total: 257 creatures vanquished

Notes
Turn   | Place    | Note
-------+----------+-------------------------------------------
     0 | D:1      | Monsterracer the Octopode Wizard began the quest for the Orb.
     0 | D:1      | Reached XP level 1. HP: 11/11 MP: 4/4
   240 | D:1      | Reached skill level 2 in Conjurations
   240 | D:1      | Reached XP level 2. HP: 9/17 MP: 1/6
   242 | D:1      | HP: 2/17 [kobold/short sword (7)]
  1236 | D:2      | Learned a level 2 spell: Blink
  1360 | D:2      | Reached XP level 3. HP: 21/21 MP: 1/7
  1365 | D:2      | Learned a level 3 spell: Conjure Flame
  1527 | D:2      | Reached skill level 3 in Conjurations
  1981 | D:2      | Reached XP level 4. HP: 27/27 MP: 1/8
  2066 | D:2      | Learned a level 3 spell: Mephitic Cloud
  2712 | D:2      | Reached skill level 4 in Conjurations
  3076 | D:3      | HP: 2/27 [orc priest/divine providence (13)]
  3078 | D:3      | Reached XP level 5. HP: 3/31 MP: 1/9
  3296 | D:3      | HP: 11/31 [orc/short sword of venom (5)]
  3297 | D:3      | HP: 5/31 [orc/short sword of venom (2)]
  3301 | D:2      | HP: 1/31 [orc/short sword of venom (7)]
  3604 | D:2      | Reached skill level 5 in Conjurations
  3794 | D:3      | HP: 14/31 [orc priest (4)]
  4269 | D:3      | Found a shattered altar of Ashenzari.
  4694 | D:4      | Reached XP level 6. HP: 36/36 MP: 6/10
  4736 | D:4      | Reached skill level 6 in Conjurations
  4824 | D:4      | Found Uzxo's Assorted Antiques.
  4832 | D:4      | Bought a pitted platinum ring for 100 gold pieces
  4832 | D:4      | Bought a marble ring for 100 gold pieces
  4833 | D:4      | Identified the ring "Fybbekeu" {rF+ rC+ MP+9 Stlth+} (You bought it in a shop on level 4 of the Dungeon)
  5817 | D:5      | Entered Level 5 of the Dungeon
  5834 | D:5      | Reached skill level 7 in Conjurations
  5859 | D:5      | Reached XP level 7. HP: 25/41 MP: 5/11
  6059 | D:5      | Noticed a yak
  6060 | D:5      | Noticed a yak
  6060 | D:5      | Noticed a yak
  6321 | D:5      | Reached skill level 8 in Conjurations
  6572 | D:5      | Noticed Monsterracer's ghost (novice DgIE)
  6717 | D:5      | HP: 7/41 [Monsterracer's ghost/shard of ice (34)]
  7113 | D:6      | Noticed Eustachio
  7122 | D:6      | Killed Eustachio
  7122 | D:6      | Reached skill level 9 in Conjurations
  7122 | D:6      | Reached XP level 8. HP: 45/46 MP: 12/12
  7290 | D:6      | Found a stormy altar of Qazlal.
  7462 | D:5      | Noticed a yak
  7534 | D:4      | Killed a yak
  7665 | D:5      | Killed a yak
  7676 | D:5      | Killed a yak
  7682 | D:5      | Killed a yak
  7868 | D:6      | Reached XP level 9. HP: 43/51 MP: 16/16
  7954 | D:6      | Reached skill level 5 in Stealth
  8084 | D:6      | Reached skill level 1 in Fighting
  8084 | D:6      | Reached skill level 5 in Spellcasting
  8473 | D:7      | Learned a level 1 spell: Apportation
  8480 | D:7      | Learned a level 4 spell: Summon Lightning Spire
  8514 | D:7      | HP: 24/53 [hippogriff (7)]
  8520 | D:7      | HP: 2/54 [shadow imp/nerve-wracking pain (11)]
  9013 | D:7      | Found a staircase to the Ecumenical Temple.
  9267 | Temple   | Entered the Ecumenical Temple
  9509 | D:7      | Found a basalt altar of Yredelemnul.
 10044 | D:8      | Found an opulent altar of Gozag.
 10063 | D:8      | Reached skill level 10 in Conjurations
 10140 | D:8      | Found Waeduosu's Weapon Emporium.
 10342 | D:8      | Reached XP level 10. HP: 41/63 MP: 9/20
 10553 | D:8      | Found a sparkling altar of Nemelex Xobeh.
 10556 | D:8      | Found a sacrificial altar of Ru.
 10559 | D:8      | Found a snail-covered altar of Cheibriados.
 10693 | D:8      | Reached skill level 5 in Dodging
 11039 | D:8      | Became a worshipper of Gozag Ym Sagoz the Greedy
 11049 | D:9      | Noticed a two-headed ogre
 11471 | D:9      | HP: 25/63 [orc wizard/magic dart (9)]
 11478 | D:8      | HP: 23/63 [poisoned by a scorpion]
 11880 | D:9      | Reached skill level 1 in Air Magic
 11973 | D:9      | Found Rymo's Gadget Shop.
 12061 | D:10     | Entered Level 10 of the Dungeon
 12307 | D:10     | Killed an unseen horror
 12447 | D:10     | HP: 29/64 [sky beast (6)]
 13089 | D:10     | Noticed a white ugly thing
 13107 | D:10     | Killed a white ugly thing
 13238 | D:10     | Noticed a gargoyle
 13257 | D:10     | HP: 22/65 [gargoyle/stone arrow (23)]
 13291 | D:11     | HP: 20/65 [centaur/arrow (8)]
 13294 | D:11     | Noticed pk666's ghost (journeyman DEWz)
 13296 | D:11     | HP: 7/65 [centaur (5)]
 13302 | D:11     | HP: 16/65 [pk666's ghost (3)]
 13305 | D:11     | Found a flagged portal.
 13313 | Bailey   | Entered a bailey
 13336 | Bailey   | Noticed an orc warlord
 13376 | Bailey   | HP: 23/65 [kobold/tomahawk of returning (5)]
 13389 | Bailey   | HP: 17/65 [kobold (2)]
 13400 | Bailey   | HP: 18/65 [kobold/tomahawk of returning (2)]
 13405 | Bailey   | HP: 14/65 [kobold (4)]
 13433 | Bailey   | HP: 7/65 [orc warrior/battleaxe (11)]
 13896 | Bailey   | Found a runed gate.
 13899 | Bailey   | Found a runed gate.
 13901 | Bailey   | Found a runed gate.
 14048 | Bailey   | Killed an orc warlord
 14048 | Bailey   | Reached skill level 5 in Fighting
 14048 | Bailey   | Reached XP level 11. HP: 72/72 MP: 22/22
 14092 | Bailey   | Identified a scroll of acquirement
 14095 | Bailey   | Got a sparkling wooden ring
 14096 | Bailey   | Identified the ring "Heasosea" {Wiz rC+} (You acquired it in a bailey)
 14109 | Bailey   | Learned a level 2 spell: Passwall
 14115 | Bailey   | Learned a level 5 spell: Lee's Rapid Deconstruction
 14143 | D:11     | Got a fine bone ring
 14144 | D:11     | Identified the ring "Qour" {rPois Dex+7 Stlth+} (You acquired it on level 11 of the Dungeon)
 14311 | D:11     | Learned a level 3 spell: Stone Arrow
 14450 | D:10     | Reached skill level 1 in Earth Magic
 14739 | D:10     | Reached skill level 5 in Summonings
 15075 | D:11     | HP: 29/72 [something (29)]
 15226 | D:11     | Killed a two-headed ogre
 15463 | D:11     | Found a staircase to the Lair.
 15669 | D:11     | Noticed a red ugly thing
 15669 | D:11     | Noticed a cyan ugly thing
 15688 | D:11     | HP: 26/72 [cyan ugly thing (16)]
 15689 | D:11     | Killed a cyan ugly thing
 15691 | D:11     | HP: 11/72 [cyan ugly thing (13)]
 15692 | D:11     | Mangled by a cyan ugly thing

Skill      XL: |  1  2  3  4  5  6  7  8  9 10 11 |
---------------+----------------------------------+-----
Conjurations   | 2 3 4 5 7 9 10 | 10.0
Stealth        | 4 5 6 |  6.8
Spellcasting   | 4 6 7 8 |  8.6
Dodging        | 3 4 6 7 |  7.0
Fighting       | 3 5 |  5.3
Summonings     | 2 4 5 |  5.0
Air Magic      | 3 4 |  4.3
Earth Magic    | 3 |  3.1
Translocations | |  1.0

Action                   |  1- 3 |  4- 6 |  7- 9 | 10-12 || total
-------------------------+-------+-------+-------+-------++-------
Melee: Unarmed           |     6 |       |       |       ||     6
       Constrict         |     4 |     5 |    20 |    16 ||    45
       Tentacles         |     2 |     2 |    16 |    14 ||    34
       Short sword       |     6 |     4 |       |       ||    10
       Dagger            |     2 |    10 |    80 |    97 ||   189
       Falchion          |       |     2 |       |       ||     2
       Spear             |       |       |     6 |       ||     6
 Cast: Magic Dart        |    75 |   140 |   263 |   302 ||   780
       Mephitic Cloud    |       |     4 |     3 |    22 ||    29
       Blink             |       |     2 |     3 |       ||     5
       Conjure Flame     |       |       |    16 |    19 ||    35
       Stone Arrow       |       |       |       |    23 ||    23
Invok: Potion Petition   |       |       |       |     1 ||     1
  Use: Scroll            |       |    14 |     8 |     6 ||    28
       Potion            |       |     1 |       |     3 ||     4
 Stab: Sleeping          |       |       |     4 |     1 ||     5
       Confused          |       |       |       |     1 ||     1
  Eat: Chunk             |     3 |    10 |     6 |     4 ||    23
       Ration            |       |     1 |     2 |     4 ||     7
Armor: Skin              |     2 |     5 |     8 |    10 ||    25
Dodge: Dodged            |    14 |    26 |    70 |   125 ||   235
       Rpst.: Falchion   |       |     1 |       |       ||     1

Vault maps used:
D:1:      doesnt_arrival_eight_statues, kennysheep_boxes
D:3:      ashenzari_altar_1
D:4:      serial_shops, nicolae_shop_crystal, nicolae_underground_beach
D:5:      first_ration, grunt_decor_one_mirror, kennysheep_generic_room_15
D:6:      grunt_qazlal_clouds, uniq_eustachio
D:7:      lemuel_round_altar, minmay_temple_entry_crystal_x
D:8:      grunt_temple_overflow_diamond, lemuel_doored_altar, serial_shops,
          nicolae_shop_crystal
D:9:      kennysheep_steamy, serial_shops, nicolae_shop_window_shopping
D:11:     dpeg_oklobed_lair, enter_bailey_2, lab_entry_generic
Temple:   regret_index_temple_generic_petals
Bailey:   bailey_axe_bossmonster_kennysheep, bailey
